 Dungeon Crawl Stone Soup version 0.19.3-1-g3169bf9 (webtiles) character file.

429 zhar the Covert (level 6, 0/41 HPs)
             Began as a Vampire Necromancer on Jan 24, 2017.
             Was an Initiate of Kikubaaqudgha.
             Slain by Pikel
             ... wielding a +0 whip of freezing
              (2 damage)
             ... on level 4 of the Dungeon.
             The game lasted 00:38:05 (8232 turns).

zhar the Covert (Vampire Necromancer)               Turns: 8232, Time: 00:38:06

Health: 0/41       AC:  2    Str:  7    XL:     6   Next: 66%
Magic:  3/9        EV: 13    Int: 19    God:    Kikubaaqudgha [......]
Gold:   172        SH:  0    Dex: 15    Spells: 2 memorised, 5 levels left

rFire  . . .     SeeInvis +     f - +0 dagger
rCold  + . .     Gourm    .     a - +0 robe
rNeg   + + .     Faith    .     (no shield)
rPois  +         Spirit   .     (no helmet)
rElec  .         Reflect  .     (no cloak)
rCorr  .         Harm     .     (no gloves)
MR     .....                    (no boots)
Stlth  +++++.....               (no amulet)
                                (no ring)
                                (no ring)

@: very slightly contaminated, regenerating slowly
A: fangs 3, see invisible, unbreathing
a: Bat Form, Renounce Religion


You were on level 4 of the Dungeon.
You worshipped Kikubaaqudgha.
Kikubaaqudgha was noncommittal.
You were very thirsty.

You visited 2 branches of the dungeon, and saw 6 of its levels.

You collected 172 gold pieces.

Inventory:

Hand Weapons
 f - a +0 dagger (weapon)
 g - a +0 short sword
 q - a +1 hunting sling of flaming
Armour
 a - a +0 robe (worn)
Jewellery
 s - an uncursed ring of see invisible
Scrolls
 e - a scroll of enchant weapon {unknown}
 i - 5 scrolls of teleportation
 j - 2 scrolls of remove curse
 l - a scroll of identify
 m - a scroll of random uselessness {unknown}
 n - a scroll of blinking {unknown}
 o - 3 scrolls of fear {unknown}
 t - a scroll of immolation {unknown}
Potions
 c - 9 potions of blood
 d - 3 potions of flight
 h - 2 potions of berserk rage {unknown}
 k - a potion of mutation {unknown}
 p - a potion of heal wounds {unknown}
 r - a potion of haste {unknown}
 u - a potion of resistance {unknown}
Books
 b - a book of Necromancy

   Spells                             Type                      Level
   a - Pain                           Necromancy                   1
   b - Animate Skeleton               Necromancy                   1
   c - Vampiric Draining              Necromancy                   3
   d - Regeneration                   Charms/Necromancy            3
   e - Animate Dead                   Necromancy                   4
   f - Control Undead                 Necromancy                   4


   Skills:
 * Level 3.2 Short Blades
 - Level 2.1 Dodging
 - Level 10.0 Stealth
 - Level 2.0 Spellcasting
 - Level 4.3 Necromancy


You had 5 spell levels left.
You knew the following spells:

 Your Spells              Type           Power        Failure   Level  Hunger
a - Pain                  Necr           ###.         3%          1    #......
b - Vampiric Draining     Necr           ###.......   12%         3    ###....


Dungeon Overview and Level Annotations

Branches:
Dungeon (5/15)             Temple (1/1) D:4

Altars:
Ashenzari
Cheibriados
Dithmenos
Elyvilon
Fedhas
Gozag
Kikubaaqudgha
Makhleb
Nemelex Xobeh
Ru
Sif Muna
Trog
Uskayaw
Vehumet
Xom
Yredelemnul
The Shining One

Shops:
D:4 =!}   D:5 [

Annotations:
D:4 Pikel; ponk's ghost, amateur HuFi


Innate Abilities, Weirdness & Mutations

You heal slowly.
You have razor-sharp teeth.
You have supernaturally acute eyesight. (SInv)
You can survive without breathing.


Message History

Pikel freezes you.
Casting: Pain
Confirm with . or Enter, or press ? or * to list all spells.
Aiming: Pain
Press: ? - help, Shift-Dir - straight line, f/p - Pikel
Aim: Pikel, wielding a whip of freezing, wearing a robe and carrying a wand of lightning {empty} (heavily wounded, chance to defeat MR: 78%) Pikel writhes in agony!
The slave closely misses you. Pikel hits you with a whip of freezing.
Casting: Pain
Confirm with . or Enter, or press ? or * to list all spells.
Aiming: Pain
Press: ? - help, Shift-Dir - straight line, f/p - Pikel
Aim: Pikel, wielding a whip of freezing, wearing a robe and carrying a wand of lightning {empty} (heavily wounded, chance to defeat MR: 78%) Pikel barely resists.
The slave closely misses you. The slave hits you!
* * * LOW HITPOINT WARNING * * *
Pikel hits you with a whip of freezing!
* * * LOW HITPOINT WARNING * * *
Pikel freezes you.
You die...
Kikubaaqudgha rasps: "You have failed me!
Welcome... oblivion!"

##.p...## #.#.....#
##....p..## ##.#.....###
##...p.....####.......<..#
.'........K'...........#.#
##.....p...####........#.#
##.......## ##.###.###.#
##.....## #p##p.# #.#
##...## #K##.## #.#
#####'#### #@##.####.#
#........# #pp.......#
#.###.##.# ####.######
#.###.##.####### #.#
##.##...........# #.#
..........#####.# #.#
##.##...#.#####.###.#
#.##...#.#.........#
#.##.#.#.#.###.#####


You could see Pikel and 3 slaves.

Vanquished Creatures
  Blork the orc (D:4)
  2 howler monkeys (D:4)
  A jelly (D:2)
  2 hounds (D:4)
  A worker ant (D:4)
  3 gnolls (D:3)
  3 adders
  A worm (D:4)
  3 dart slugs
  6 leopard geckos
  9 orcs
  3 ball pythons
  9 giant cockroaches
  4 goblins
  8 hobgoblins
  11 jackals
  A quokka (D:2)
  15 bats
  7 frilled lizards
  8 kobolds
  9 rats
107 creatures vanquished.

Notes
Turn   | Place    | Note
-------+----------+-------------------------------------------
     0 | D:1      | zhar the Vampire Necromancer began the quest for the Orb.
     0 | D:1      | Reached XP level 1. HP: 13/13 MP: 3/3
   256 | D:1      | Reached skill level 4 in Stealth
   412 | D:1      | Reached XP level 2. HP: 18/19 MP: 1/5
   660 | D:1      | Reached skill level 5 in Stealth
  1073 | D:1      | Reached XP level 3. HP: 20/24 MP: 0/6
  1830 | D:2      | Reached skill level 6 in Stealth
  2616 | D:2      | Found a hide-covered altar of Uskayaw.
  2853 | D:2      | Reached skill level 7 in Stealth
  2853 | D:2      | Reached XP level 4. HP: 16/30 MP: 1/7
  3776 | D:3      | Reached skill level 8 in Stealth
  4093 | D:3      | Reached XP level 5. HP: 35/35 MP: 8/8
  4190 | D:3      | Found a faded altar of an unknown god.
  4190 | D:3      | Found a faded altar of an unknown god.
  4199 | D:3      | Found a faded altar of an unknown god.
  4201 | D:3      | Found a faded altar of an unknown god.
  4202 | D:3      | Found a radiant altar of Vehumet.
  4271 | D:3      | Found a bloodstained altar of Trog.
  4975 | D:4      | Learned a level 3 spell: Vampiric Draining
  4986 | D:4      | Noticed ponk's ghost (amateur HuFi)
  5417 | D:4      | Found a staircase to the Ecumenical Temple.
  5422 | Temple   | Entered the Ecumenical Temple
  5428 | Temple   | Became a worshipper of Kikubaaqudgha
  5452 | D:4      | Found a shattered altar of Ashenzari.
  5463 | D:4      | Reached skill level 9 in Stealth
  5833 | D:4      | Noticed Pikel
  5833 | D:4      | Noticed a slave
  5833 | D:4      | Noticed a slave
  5833 | D:4      | Noticed a slave
  5833 | D:4      | Noticed a slave
  5876 | D:4      | Found Decsoad's Jewellery Boutique.
  6056 | D:4      | Found Cidek's Gadget Shoppe.
  6169 | D:4      | You are sucked into a shaft!
  6169 | D:5      | Entered Level 5 of the Dungeon
  6196 | D:5      | Found Linail's Antique Armour Emporium.
  6231 | D:5      | Noticed an ice beast
  6364 | D:4      | Reached skill level 10 in Stealth
  6364 | D:4      | Reached XP level 6. HP: 41/41 MP: 7/9
  6644 | D:4      | Found Zauhiq's Distillery.
  7315 | D:4      | Noticed Blork the orc
  7326 | D:4      | Killed Blork the orc
  8232 | D:4      | HP: 2/41 [Pikel/whip of freezing (10)]
  8232 | D:4      | Slain by Pikel

Skill      XL: |  1  2  3  4  5  6 |
---------------+-------------------+-----
Stealth        | 4 5 7 8 10 | 10.0
Short Blades   | 3 |  3.2
Dodging        | |  2.1
Spellcasting   | |  2.0
Necromancy     | |  4.3

Action                   |  1- 3 |  4- 6 || total
-------------------------+-------+-------++-------
Melee: Unarmed           |     1 |     3 ||     4
       Dagger            |    14 |    39 ||    53
       Bite              |     1 |     3 ||     4
 Cast: Pain              |    80 |    86 ||   166
 Abil: End Transformatio |     3 |    22 ||    25
       Bat Form          |     3 |    22 ||    25
  Use: Potion            |     2 |    11 ||    13
       Scroll            |       |     4 ||     4
 Stab: Sleeping          |     4 |    21 ||    25
Armor: Robe              |     8 |     7 ||    15
Dodge: Dodged            |    32 |    48 ||    80
